| TOP OF THE 1ST |
|
Memphis Blues batting - Pitching for Albuquerque Dukes : RHP Rafaele Cerretti
|
|
Pitching: RHP Rafaele Cerretti
|
|
|
Batting: RHB Mariano Duncan
|
0-0: Ball 1-0: Ball 2-0: SINGLE (Line Drive, 89S, EV 111.9 MPH)
|
|
Batting: LHB Mike Patterson
|
0-0: Called Strike 0-1: Foul Ball, location: 2F 0-2: Ball 1-2: Hit by Pitch Mariano Duncan to second
|
|
Batting: LHB David Christianson
|
0-0: Ball 1-0: Ball 2-0: Foul Ball, location: 2F 2-1: Ball 3-1: Swinging Strike 3-2: Base on Balls Mariano Duncan to third Mike Patterson to second
|
|
Batting: RHB Chris James
|
0-0: Fly out, F8 (Flyball, 8LXD, EV 92.5 MPH) Runner from 3rd tags up, SCORES, no throw by CF Mike Patterson to third
|
|
Batting: RHB Randy Filkins
|
0-0: Ball 1-0: SINGLE (Line Drive, 34D, EV 102.5 MPH) Mike Patterson scores David Christianson to second
|
|
Batting: RHB Augustine Garrett
|
0-0: Foul Ball, location: 2F 0-1: Ball 1-1: Grounds into double play, 5-4-3 (Groundball, 56, EV 82.5 MPH)
|
| Top of the 1st over - 2 runs, 2 hits, 0 errors, 1 left on base; Memphis 2 - Albuquerque 0 |
| BOTTOM OF THE 1ST |
|
Albuquerque Dukes batting - Pitching for Memphis Blues : RHP John Beckwith
|
|
Pitching: RHP John Beckwith
|
|
|
Batting: LHB Andres Romero
|
0-0: Ground out 6-3 (Groundball, 6, EV 80.6 MPH)
|
|
Batting: LHB Rodney Kemp
|
0-0: Foul Ball, location: 2F 0-1: Ball 1-1: Called Strike 1-2: Strikes out swinging
|
|
Batting: LHB Darren Daulton
|
0-0: Called Strike 0-1: Ball 1-1: Fly out, F8 (Flyball, 8LD, EV 91.3 MPH)
|
| Bottom of the 1st over - 0 runs, 0 hits, 0 errors, 0 left on base; Memphis 2 - Albuquerque 0 |
| TOP OF THE 2ND |
|
Memphis Blues batting - Pitching for Albuquerque Dukes : RHP Rafaele Cerretti
|
|
Batting: LHB Don Jacoby
|
0-0: Ball 1-0: Called Strike 1-1: Ground out 6-3 (Groundball, 6, EV 94.4 MPH)
|
|
Batting: RHB William Muth
|
0-0: SINGLE (Line Drive, 9S, EV 111.3 MPH)
|
|
Batting: RHB Bradley Shames
|
0-0: SINGLE (Groundball, 3D, EV 96.3 MPH) William Muth to second William Muth to third
|
|
Batting: RHB Mariano Duncan
|
0-0: Ball 1-0: Called Strike 1-1: Called Strike 1-2: Ball 2-2: Foul Ball, location: 2F 2-2: Strikes out swinging
|
|
Batting: LHB Mike Patterson
|
0-0: Ball 1-0: Foul Ball, location: 2F 1-1: Foul Ball, location: 2F 1-2: Ball 2-2: Strikes out looking
|
| Top of the 2nd over - 0 runs, 2 hits, 0 errors, 2 left on base; Memphis 2 - Albuquerque 0 |
| BOTTOM OF THE 2ND |
|
Albuquerque Dukes batting - Pitching for Memphis Blues : RHP John Beckwith
|
|
Batting: RHB Jeffrey Ronk
|
0-0: Hit by Pitch
|
|
Batting: RHB John Hanley
|
0-0: Ball Passed Ball! Jeffrey Ronk to second 1-0: Swinging Strike 1-1: Foul Ball, location: 2F 1-2: Foul Ball, location: 2F 1-2: Ball 2-2: Ball Wild Pitch! Jeffrey Ronk to third 3-2: Fly out, F3 (Popup, 3S, EV 87.5 MPH)
|
|
Batting: LHB Matthew Henderson
|
0-0: Ball 1-0: Ball 2-0: Foul Ball, location: 2F 2-1: Ball 3-1: Base on Balls
|
|
Batting: RHB George Foussianes
|
0-0: Ball 1-0: Called Strike 1-1: Ground out U3 (Groundball, 3S, EV 75.6 MPH) Jeffrey Ronk scores Matthew Henderson to second
|
|
Batting: RHB Edward Gates
|
0-0: Ground out 5-3 (Groundball, 5, EV 83.1 MPH)
|
| Bottom of the 2nd over - 1 run, 0 hits, 0 errors, 1 left on base; Memphis 2 - Albuquerque 1 |
| TOP OF THE 3RD |
|
Memphis Blues batting - Pitching for Albuquerque Dukes : RHP Rafaele Cerretti
|
|
Batting: LHB David Christianson
|
0-0: Ball 1-0: Swinging Strike 1-1: Ball 2-1: Ground out 4-3 (Groundball, 34D, EV 101.3 MPH)
|
|
Batting: RHB Chris James
|
0-0: Ball 1-0: Called Strike 1-1: Foul Ball, location: 2F 1-2: Strikes out swinging
|
|
Batting: RHB Randy Filkins
|
0-0: Ball 1-0: DOUBLE (Flyball, 9LD, EV 102.5 MPH)
|
|
Batting: RHB Augustine Garrett
|
0-0: Foul Ball, location: 2F 0-1: Foul Ball, location: 2F 0-2: Fly out, F9 (Flyball, 9S, EV 97.5 MPH)
|
| Top of the 3rd over - 0 runs, 1 hit, 0 errors, 1 left on base; Memphis 2 - Albuquerque 1 |
| BOTTOM OF THE 3RD |
|
Albuquerque Dukes batting - Pitching for Memphis Blues : RHP John Beckwith
|
|
Batting: RHB Kevin Harvey
|
0-0: Ball 1-0: Ball 2-0: Ball 3-0: Base on Balls
|
|
Batting: LHB Andres Romero
|
0-0: Ball 1-0: Ball 2-0: Called Strike 2-1: Ball 3-1: Foul Ball, location: 2F 3-2: TRIPLE (Flyball, 89XD, EV 105.0 MPH) Kevin Harvey scores
|
|
Batting: LHB Rodney Kemp
|
0-0: Called Strike 0-1: Ball 1-1: SINGLE (Line Drive, 89S, EV 106.9 MPH) Andres Romero scores
|
|
Batting: LHB Darren Daulton
|
0-0: Ball 1-0: Ball 2-0: Ball 3-0: Base on Balls Rodney Kemp to second
|
|
Batting: RHB Jeffrey Ronk
|
0-0: Ball 1-0: Ball 2-0: 3-RUN HOME RUN (Line Drive, 7D, EV 101.3 MPH), Distance : 383 ft
|
|
Batting: RHB John Hanley
|
0-0: Ball 1-0: Ball 2-0: Ball 3-0: Base on Balls
|
|
Batting: LHB Matthew Henderson
|
0-0: Ball 1-0: Ball 2-0: Called Strike 2-1: Fly out, F8 (Flyball, 8LD, EV 91.9 MPH)
|
|
Batting: RHB George Foussianes
|
0-0: Called Strike 0-1: Called Strike 0-2: Ball 1-2: Ball 2-2: Strikes out swinging
|
|
Batting: RHB Edward Gates
|
0-0: Ball 1-0: Fly out, F9 (Flyball, 9D, EV 94.4 MPH)
|
| Bottom of the 3rd over - 5 runs, 3 hits, 0 errors, 1 left on base; Memphis 2 - Albuquerque 6 |
| TOP OF THE 4TH |
|
Memphis Blues batting - Pitching for Albuquerque Dukes : RHP Rafaele Cerretti
|
|
Batting: LHB Don Jacoby
|
0-0: Ball 1-0: DOUBLE (Flyball, 8LXD, EV 115.6 MPH)
|
|
Batting: RHB William Muth
|
0-0: Ball 1-0: Swinging Strike 1-1: Foul Ball, location: 2F 1-2: Foul Ball, location: 2F 1-2: 2-RUN HOME RUN (Flyball, 7LD, EV 98.1 MPH), Distance : 350 ft
|
|
Batting: RHB Bradley Shames
|
0-0: Ball 1-0: Foul Ball, location: 2F 1-1: Called Strike 1-2: Ball 2-2: Foul Ball, location: 2F 2-2: Ball 3-2: Foul Ball, location: 2F 3-2: Strikes out looking
|
|
Batting: RHB Mariano Duncan
|
0-0: Ball 1-0: Ball 2-0: Called Strike 2-1: Ball 3-1: Base on Balls
|
|
Batting: LHB Mike Patterson
|
0-0: Called Strike Mariano Duncan steals 2nd base 0-1: Foul Ball, location: 2F 0-2: Ground out 6-3 (Groundball, 6, EV 81.9 MPH) Mariano Duncan to third
|
|
Batting: LHB David Christianson
|
0-0: Ball 1-0: Swinging Strike 1-1: Called Strike 1-2: Ground out U3 (Groundball, 3S, EV 71.9 MPH)
|
| Top of the 4th over - 2 runs, 2 hits, 0 errors, 1 left on base; Memphis 4 - Albuquerque 6 |
| BOTTOM OF THE 4TH |
|
Albuquerque Dukes batting - Pitching for Memphis Blues : RHP John Beckwith
|
|
Batting: RHB Kevin Harvey
|
0-0: Ground out 4-3 (Groundball, 34, EV 110.6 MPH)
|
|
Batting: LHB Andres Romero
|
0-0: Ball 1-0: Called Strike 1-1: Ground out 5-3 (Groundball, 56, EV 91.3 MPH)
|
|
Batting: LHB Rodney Kemp
|
0-0: Ball 1-0: Ball 2-0: Foul Ball, location: 2F 2-1: Fly out, F7 (Flyball, 7S, EV 85.6 MPH)
|
| Bottom of the 4th over - 0 runs, 0 hits, 0 errors, 0 left on base; Memphis 4 - Albuquerque 6 |
| TOP OF THE 5TH |
|
Memphis Blues batting - Pitching for Albuquerque Dukes : RHP Rafaele Cerretti
|
|
Batting: RHB Chris James
|
0-0: Ball 1-0: Called Strike 1-1: Called Strike 1-2: Ball 2-2: Strikes out looking
|
|
Batting: RHB Randy Filkins
|
0-0: Ball 1-0: Called Strike 1-1: Foul Ball, location: 2F 1-2: Foul Ball, location: 2F 1-2: Foul Ball, location: 2F 1-2: Hit by Pitch
|
|
Batting: RHB Augustine Garrett
|
0-0: Foul Ball, location: 2F 0-1: Swinging Strike 0-2: Grounds into double play, 6-4-3 (Groundball, 6, EV 90.0 MPH)
|
| Top of the 5th over - 0 runs, 0 hits, 0 errors, 0 left on base; Memphis 4 - Albuquerque 6 |
| BOTTOM OF THE 5TH |
|
Albuquerque Dukes batting - Pitching for Memphis Blues : RHP John Beckwith
|
|
Batting: LHB Darren Daulton
|
0-0: Ball 1-0: Ball 2-0: Ball 3-0: Called Strike 3-1: Called Strike 3-2: Foul Ball, location: 2F 3-2: Fly out, F9 (Line Drive, 9D, EV 86.9 MPH)
|
|
Batting: RHB Jeffrey Ronk
|
0-0: Fly out, F9 (Flyball, 9, EV 86.9 MPH)
|
|
Batting: RHB John Hanley
|
0-0: Ball 1-0: Ball 2-0: Ball 3-0: Called Strike 3-1: Called Strike 3-2: Foul Ball, location: 2F 3-2: Ground out 4-3 (Groundball, 4, EV 92.5 MPH)
|
| Bottom of the 5th over - 0 runs, 0 hits, 0 errors, 0 left on base; Memphis 4 - Albuquerque 6 |
| TOP OF THE 6TH |
|
Memphis Blues batting - Pitching for Albuquerque Dukes : RHP Rafaele Cerretti
|
|
Batting: LHB Don Jacoby
|
0-0: Ball 1-0: Ball 2-0: Ball 3-0: Called Strike 3-1: Swinging Strike 3-2: Strikes out swinging
|
|
Batting: RHB William Muth
|
0-0: Ball 1-0: Swinging Strike 1-1: Swinging Strike 1-2: SINGLE (Groundball, 56S, EV 65.6 MPH) (infield hit)
|
|
Batting: RHB Bradley Shames
|
0-0: Ball 1-0: Foul Ball, location: 2F 1-1: SINGLE (Flyball, 7LS, EV 90.0 MPH) William Muth to second
|
|
Batting: RHB Mariano Duncan
|
0-0: Ball 1-0: Fly out, F9 (Flyball, 9LM, EV 89.4 MPH)
|
|
Batting: LHB Mike Patterson
|
0-0: Called Strike 0-1: Called Strike 0-2: Strikes out looking
|
| Top of the 6th over - 0 runs, 2 hits, 0 errors, 2 left on base; Memphis 4 - Albuquerque 6 |
| BOTTOM OF THE 6TH |
|
Albuquerque Dukes batting - Pitching for Memphis Blues : RHP John Beckwith
|
|
Pitching: RHP Anthony Threatt
|
|
|
Batting: LHB Matthew Henderson
|
0-0: Ball 1-0: SINGLE (Flyball, 34D, EV 81.9 MPH)
|
|
Batting: RHB George Foussianes
|
0-0: Ball Matthew Henderson steals 2nd base 1-0: Foul Ball, location: 2F 1-1: Swinging Strike 1-2: Fly out, F6 (Flyball, 6D, EV 93.8 MPH)
|
|
Batting: RHB Edward Gates
|
0-0: Ball 1-0: Foul Ball, location: 2F 1-1: Foul Ball, location: 2F 1-2: Strikes out looking
|
|
Batting: RHB Kevin Harvey
|
0-0: Ball 1-0: Swinging Strike 1-1: Ground out 4-3 (Groundball, 4, EV 110.0 MPH)
|
| Bottom of the 6th over - 0 runs, 1 hit, 0 errors, 1 left on base; Memphis 4 - Albuquerque 6 |
| TOP OF THE 7TH |
|
Memphis Blues batting - Pitching for Albuquerque Dukes : RHP Rafaele Cerretti
|
|
Batting: LHB David Christianson
|
0-0: Ball 1-0: Swinging Strike 1-1: Ball 2-1: Called Strike 2-2: Foul Ball, location: 2F 2-2: Ball 3-2: Strikes out swinging
|
|
Batting: RHB Chris James
|
0-0: SOLO HOME RUN (Flyball, 7D, EV 93.8 MPH), Distance : 356 ft
|
|
Pitching: RHP Mike Maddux
|
|
|
Batting: RHB Randy Filkins
|
0-0: Called Strike 0-1: Ball 1-1: Swinging Strike 1-2: Ball 2-2: Ball 3-2: Base on Balls
|
|
Batting: LHB John Robbins
|
0-0: Called Strike 0-1: Ball 1-1: Swinging Strike 1-2: Foul Ball, location: 2F 1-2: Ball 2-2: Strikes out swinging
|
|
Batting: LHB Don Jacoby
|
0-0: Called Strike 0-1: Ball 1-1: Called Strike 1-2: Foul Ball, location: 2F 1-2: Ball 2-2: Ball 3-2: Base on Balls Randy Filkins to second
|
|
Pinch Hitting: SHB Darrell Brown
|
0-0: Called Strike 0-1: Ball 1-1: Ball 2-1: Ground out 5-3 (Groundball, 56S, EV 61.3 MPH)
|
| Top of the 7th over - 1 run, 1 hit, 0 errors, 2 left on base; Memphis 5 - Albuquerque 6 |
| BOTTOM OF THE 7TH |
|
Albuquerque Dukes batting - Pitching for Memphis Blues : RHP Anthony Threatt
|
|
Now in LF: Darrell Brown
|
|
|
Batting: LHB Andres Romero
|
0-0: Ball 1-0: Ball 2-0: Ball 3-0: Called Strike 3-1: Base on Balls
|
|
Batting: LHB Rodney Kemp
|
0-0: Ball 1-0: SINGLE (Line Drive, 9S, EV 93.8 MPH) Andres Romero to second Runner from 2nd tries for 3rd, SAFE, no throw by RF
|
|
Batting: LHB Darren Daulton
|
0-0: Ball Rodney Kemp steals 2nd base 1-0: Swinging Strike 1-1: Swinging Strike 1-2: Foul Ball, location: 2F 1-2: Ball 2-2: Strikes out swinging
|
|
Batting: RHB Jeffrey Ronk
|
0-0: Ball 1-0: Ball 2-0: Ball 3-0: Called Strike 3-1: Fly out, F7 (Flyball, 7S, EV 90.0 MPH)
|
|
Batting: RHB John Hanley
|
0-0: Ball 1-0: Called Strike 1-1: Ball 2-1: Fly out, F9 (Flyball, 89D, EV 96.9 MPH)
|
| Bottom of the 7th over - 0 runs, 1 hit, 0 errors, 2 left on base; Memphis 5 - Albuquerque 6 |
| TOP OF THE 8TH |
|
Memphis Blues batting - Pitching for Albuquerque Dukes : RHP Mike Maddux
|
|
Batting: RHB Bradley Shames
|
0-0: Called Strike 0-1: Swinging Strike 0-2: Foul Ball, location: 2F 0-2: Strikes out swinging
|
|
Batting: RHB Mariano Duncan
|
0-0: Foul Ball, location: 2F 0-1: Ground out 1-3 (Groundball, 13, EV 65.6 MPH)
|
|
Pitching: RHP Craig McMurtry
|
|
|
Batting: LHB Mike Patterson
|
0-0: Ball 1-0: Ball 2-0: Ball 3-0: Base on Balls
|
|
Batting: LHB David Christianson
|
0-0: Ball 1-0: Ball 2-0: Ground out U3 (Groundball, 3L, EV 108.1 MPH)
|
| Top of the 8th over - 0 runs, 0 hits, 0 errors, 1 left on base; Memphis 5 - Albuquerque 6 |
| BOTTOM OF THE 8TH |
|
Albuquerque Dukes batting - Pitching for Memphis Blues : RHP Anthony Threatt
|
|
Batting: LHB Matthew Henderson
|
0-0: Called Strike 0-1: Swinging Strike 0-2: Ball 1-2: Ball 2-2: Strikes out swinging
|
|
Batting: RHB George Foussianes
|
0-0: Called Strike 0-1: Foul Ball, location: 2F 0-2: SINGLE (Line Drive, 9S, EV 103.1 MPH)
|
|
Pitching: RHP Mark Huismann
|
|
|
Batting: RHB Edward Gates
|
0-0: Ball 1-0: Ball 2-0: Called Strike 2-1: Fly out, F7 (Flyball, 78S, EV 84.4 MPH)
|
|
Batting: RHB Kevin Harvey
|
0-0: Ball 1-0: Foul Ball, location: 2F 1-1: Ball 2-1: Ball 3-1: Base on Balls George Foussianes to second
|
|
Batting: LHB Andres Romero
|
0-0: Ball 1-0: Called Strike 1-1: Ball 2-1: Ball 3-1: Base on Balls George Foussianes to third Kevin Harvey to second
|
|
Batting: LHB Rodney Kemp
|
0-0: Ball 1-0: Ball 2-0: Called Strike 2-1: Ball 3-1: Foul Ball, location: 2F 3-2: Base on Balls George Foussianes scores Kevin Harvey to third Andres Romero to second
|
|
Batting: LHB Darren Daulton
|
0-0: Called Strike 0-1: Ball 1-1: Called Strike 1-2: Foul Ball, location: 2F 1-2: Ball 2-2: Strikes out looking
|
| Bottom of the 8th over - 1 run, 1 hit, 0 errors, 3 left on base; Memphis 5 - Albuquerque 7 |
| TOP OF THE 9TH |
|
Memphis Blues batting - Pitching for Albuquerque Dukes : RHP Craig McMurtry
|
|
Pitching: RHP James Quinn
|
|
|
Batting: RHB Chris James
|
0-0: Ball 1-0: Called Strike 1-1: Ball 2-1: Foul Ball, location: 2F 2-2: Foul Ball, location: 2F 2-2: Strikes out swinging
|
|
Batting: RHB Randy Filkins
|
0-0: Ball 1-0: Fly out, F3 (Popup, 3SF, EV 68.8 MPH)
|
|
Batting: LHB John Robbins
|
0-0: Ball 1-0: Called Strike 1-1: Called Strike 1-2: Ground out 4-3 (Groundball, 34D, EV 81.9 MPH)
|
| Top of the 9th over - 0 runs, 0 hits, 0 errors, 0 left on base; Memphis 5 - Albuquerque 7 |
|